 Dungeon Crawl Stone Soup version 0.26.0-91-g99b343417d (webtiles) character file.

Game seed: 2283596700140309034

40 Gadfly the Sneak (level 3, -7/33 HPs)
             Began as a Palentonga Delver on Feb 4, 2021.
             Shot with an arrow by a centaur (10 damage)
             ... on level 5 of the Dungeon.
             The game lasted 00:01:00 (348 turns).

Gadfly the Sneak (Palentonga Delver)                 Turns: 348, Time: 00:01:00

Health: -7/33      AC:  4    Str: 16    XL:     3   Next: 30%
Magic:  3/3        EV:  9    Int: 10    God:
Gold:   25         SH:  0    Dex: 11    Spells: 2/2 levels left

rFire    . . .     SeeInvis +   a - +0 falchion
rCold    . . .     Faith    .   (no shield)
rNeg     . . .     Spirit   .   b - +0 leather armour
rPois    .         Reflect  .   (no helmet)
rElec    .         Harm     .   (no cloak)
rCorr    .         Rampage  .   (no gloves)
Will     .....                  (no barding)
Stlth    ++........             (no amulet)
HPRegen  0.11/turn              (no ring)
MPRegen  0.08/turn              (no ring)

@: no status effects
A: large, rugged brown scales 3, see invisible, deformed body, roll 1, armoured
tail
a: Rolling Charge


You were on level 5 of the Dungeon.
You visited 1 branch of the dungeon, and saw 1 of its levels.

You collected 25 gold pieces.

Inventory:

Hand Weapons
 a - a +0 falchion (weapon)
Armour
 b - a +0 leather armour (worn)
Wands
 g - a wand of digging (3)
 h - a wand of random effects (22)
Scrolls
 c - a scroll of fog
 d - a scroll of magic mapping
 e - a scroll of fear
Potions
 f - a potion of haste


   Skills:
 + Level 3.2 Fighting
 * Level 2.5 Long Blades
 * Level 1.0 Armour
 + Level 1.8 Dodging
 - Level 3.3 Stealth
 * Level 1.1 Evocations


You had 2 spell levels left.
You didn't know any spells.
Your spell library was empty.

Dungeon Overview and Level Annotations

Branches:
Dungeon (5/15)
 Temple: D:4-7

Altars:
Xom


Innate Abilities, Weirdness & Mutations

You are completely covered in rugged brown scales. (AC +3, +7% HP)
You have supernaturally acute eyesight. (SInv)
Armour fits poorly on your strangely shaped body.
You can roll at nearby foes to attack.
You have a long armoured tail.


Message History

The centaur hits you but does no damage.
The centaur hits you.
You hit the centaur but do no damage.
The centaur is moderately wounded.
The bullfrog skeleton hits you.
* * * LOW HITPOINT WARNING * * *
The centaur barely misses you.
A worker ant comes into view.
Unknown command.
As you read the scroll labelled WAECHE IWIDAMU, it crumbles to dust.
It is a scroll of identify.
You don't have any unidentified items.
The bullfrog skeleton hits you.
* * * LOW HITPOINT WARNING * * *
The centaur completely misses you.
The bullfrog skeleton barely misses you.
The centaur completely misses you.
The centaur wields a +0 shortbow.
The centaur shoots an arrow.
The arrow hits you!
You die...

#...# #...#
#####...##############
....'.................
####...##############
#...# #.......
##.#######(..#
#.......
........(....#
#.......
.....####Z@..#
#....... #.Z #....#
#....... # #.c..#
######## #O?..# #
#..#### # #...# #
...... # ###B... #
##..# #


You could see an ogre, a centaur, a worker ant (wandering) and a bullfrog
skeleton.

Vanquished Creatures
  A centaur skeleton (D:5)
  An ufetubus (D:5)
  An adder skeleton (D:5)
  A quokka zombie (D:5)
4 creatures vanquished.

Notes
Turn   | Place    | Note
-------+----------+-------------------------------------------
     0 | D:5      | Gadfly the Palentonga Delver began the quest for the Orb.
     0 | D:5      | Reached XP level 1. HP: 20/20 MP: 1/1
    31 | D:5      | Reached skill level 1 in Evocations
    31 | D:5      | Reached XP level 2. HP: 20/27 MP: 2/2
    31 | D:5      | Reached XP level 3. HP: 24/33 MP: 3/3
   129 | D:5      | Reached skill level 1 in Armour
   333 | D:5      | Noticed a centaur
   343 | D:5      | Noticed an ogre
   348 | D:5      | Shot with an arrow by a centaur

Illustrated notes

Levels and vault maps discovered:
D:5:      cheibrodos_barr_body, layout_basic, xom_butterflies

Skill      XL: |  1  2  3 |
---------------+----------+-----
Evocations     | 1 |  1.1
Armour         | 1 |  1.0
Fighting       | |  3.2
Long Blades    | |  2.5
Dodging        | |  1.8
Stealth        | |  3.3

Action                   || total
-------------------------++-------
Melee: Falchion          ||    20
 Abil: Rolling Charge    ||     1
  Use: Scroll            ||     1
Armor: Leather armour    ||    14
Dodge: Dodged            ||    15
       Rpst.: Falchion   ||     3
